 Dungeon Crawl Stone Soup version 0.32-a0-913-g739538afd8 (webtiles) character file.

Game seed: 12271707583870183253

3761732 ragingrage the Plane Wriggler (level 27, 395/395 HPs)
             Began as an Octopode Gladiator on Apr 7, 2024.
             Was an Initiate of Gozag.
             Escaped with the Orb
             ... and 6 runes!
             The game lasted 02:02:18 (83105 turns).

ragingrage the Plane Wriggler (Octopode Gladiator) Turns: 83105, Time: 02:02:19

Health: 395/395    AC: 36    Str: 21 (23) XL:     27
Magic:  39/39      EV: 59    Int: 24      God:    Gozag
Gold:   18107      SH: 13    Dex: 46      Spells: 2/51 levels left

rFire   + + +        a - +2 Maxwell's thermic engine {flame, freeze, rev}
rCold   + . .        H - +3 warlock's mirror {omnireflect}
rNeg    + + +        g - +2 hood of the Assassin {Detect Stab+ Stlth++}
rPois   ∞            y - amulet of Nucaruu {rN++ RegenMP+ rCorr SInv Stlth-}
rElec   +            h - ring "Buim" {Will+ Str+4}
rCorr   +            O - ring "Rirur" {rF++ rC+ Dex+4}
SInv    +            G - ring "Oghir" {rElec rC+ Str+2 Int+6}
Will    +++..        R - +4 ring of protection Stlth
                     W - ring "Yjourr" {*Corrode rPois rF+ Dex+5 Slay+3}
HPRegen 0.85/turn    J - +6 ring of dexterity
MPRegen 0.66/turn    c - +6 ring of dexterity
                     i - ring of Broken Luck {rC- EV+5 Str+3 Int+3 Dex+7}

%: corrode self (3%), reflection
@: berserking, statue-form, studying 4 skills, bribing [the Dungeon, the Realm
of Zot, the Depths]
A: slow and powerful, torment resistance 1, boosted hp, almost no armour,
amphibious, 8 rings, camouflage 1, (gelatinous body 1), (nimble swimmer 1),
tentacles, clumsy 1, screaming 2, weak 1
0: Orb of Zot
}: 6/15 runes: barnacled, slimy, silver, abyssal, demonic, gossamer
a: Begin Untransformation, Renounce Religion, Potion Petition, Call Merchant,
Bribe Branch


You escaped.
You worshipped Gozag.
Gozag was extremely pleased with you.
You were a living statue of rough stone.
You visited 12 branches of the dungeon, and saw 56 of its levels.
You visited Pandemonium 1 time, and saw 3 of its levels.
You visited the Abyss 3 times.
You visited 1 ziggurat, and saw 19 of its levels.
You also visited: Sewer.

You collected 39372 gold pieces.
You spent 4501 gold pieces at shops.
You paid 16764 gold pieces to Gozag.

Inventory:

Hand Weapons
 a - the +2 Maxwell's thermic engine (weapon) {flame, freeze, rev}
   (You found it on level 5 of the Vaults)
Missiles
 t - 8 throwing nets
 U - 8 curare-tipped darts
Armour
 g - the +2 hood of the Assassin (worn) {Detect Stab+ Stlth++}
   (You acquired it on level 2 of the Orcish Mines)

   Detect:    It allows the wearer to sense nearby creatures.
   Stab+:     It allows the wearer to make particularly effective stabbing
   attacks against helpless or unaware enemies with any weapon.
   Stlth++:   It makes you much more stealthy.
 E - the +2 hat of the Bear Spirit {Spirit, Bear, *Rage Will++}
   (You found it on level 16 of a ziggurat)

   Bear:      Going berserk makes the wearer exceptionally tough, and they are
   slowed for a shorter time afterward.
   Will++:    It greatly increases your willpower.
   *Rage:     It berserks you when you make melee attacks (+20% chance).
 H - the +3 warlock's mirror (worn) {omnireflect}
   (You acquired it on level 2 of the Vaults)

   Omnireflect: It can block and reflect piercing ranged attacks and magical
   attacks against the wielder's willpower.
 Q - the +1 tower shield "Qoubb" {Harm rPois}
   (You took it off a daeva on level 5 of the Realm of Zot)

   rPois:     It protects you from poison.
   Harm:      It increases damage dealt and taken.
Jewellery
 c - a +6 ring of dexterity (on tentacle)
 h - the ring "Buim" (left tentacle) {Will+ Str+4}
   (You found it on level 11 of a ziggurat)

   [ring of willpower]

   Str+4:     It affects your strength (+4).
   Will+:     It increases your willpower.
 i - the ring of Broken Luck (on tentacle) {rC- EV+5 Str+3 Int+3 Dex+7}
   (You acquired it on level 14 of the Dungeon)

   [ring of evasion]

   EV+5:      It affects your evasion (+5).
   Str+3:     It affects your strength (+3).
   Int+3:     It affects your intelligence (+3).
   Dex+7:     It affects your dexterity (+7).
   rC-:       It makes you vulnerable to cold.
 y - the amulet of Nucaruu (around mantle) {rN++ RegenMP+ rCorr SInv Stlth-}
   (You found it on level 3 of the Elven Halls)

   [amulet of magic regeneration]

   It increases your rate of magic regeneration.
   rN++:      It greatly protects you from negative energy.
   SInv:      It lets you see invisible.
   rCorr:     It protects you from acid and corrosion.
   Stlth-:    It makes you less stealthy.
   RegenMP+:  It increases your rate of magic regeneration.
 G - the ring "Oghir" (on tentacle) {rElec rC+ Str+2 Int+6}
   (You found it on level 7 of the Dungeon)

   [ring of intelligence]

   Str+2:     It affects your strength (+2).
   Int+6:     It affects your intelligence (+6).
   rC+:       It protects you from cold.
   rElec:     It insulates you from electricity.
 J - a +6 ring of dexterity (on tentacle)
 O - the ring "Rirur" (right tentacle) {rF++ rC+ Dex+4}
   (You found it on level 13 of a ziggurat)

   [ring of protection from cold]

   Dex+4:     It affects your dexterity (+4).
   rF++:      It greatly protects you from fire.
   rC+:       It protects you from cold.
 R - a +4 ring of protection (on tentacle)
 W - the ring "Yjourr" (on tentacle) {*Corrode rPois rF+ Dex+5 Slay+3}
   (You found it on level 12 of a ziggurat)

   [ring of protection from fire]

   Dex+5:     It affects your dexterity (+5).
   Slay+3:    It affects your accuracy & damage with ranged weapons and melee
   (+3).
   rF+:       It protects you from fire.
   rPois:     It protects you from poison.
   *Corrode:  It may corrode you when you take damage.
Wands
 p - a wand of roots (54)
 v - a wand of charming (97)
 M - a wand of digging (16)
 Z - a wand of light (66)
Scrolls
 b - 6 scrolls of enchant armour
 k - 13 scrolls of vulnerability
 n - 15 scrolls of blinking
 s - 11 scrolls of fear
 z - 11 scrolls of revelation
 A - 23 scrolls of teleportation
 C - 13 scrolls of noise
 F - 2 scrolls of torment
 I - 6 scrolls of silence
 N - 11 scrolls of fog
 T - 9 scrolls of butterflies
 X - 4 scrolls of immolation
Potions
 e - 20 potions of heal wounds
 l - 8 potions of brilliance
 m - 7 potions of lignification
 o - 14 potions of mutation
 q - 4 potions of cancellation
 r - 17 potions of haste
 u - a potion of attraction
 w - 5 potions of invisibility
 x - 7 potions of ambrosia
 B - 7 potions of enlightenment
 D - 22 potions of curing
 K - 6 potions of magic
 L - 5 potions of berserk rage
 S - a potion of resistance
 V - 11 potions of might
Miscellaneous
 d - a phantom mirror
 f - a phial of floods
 j - a lightning rod (4/4)
 P - a box of beasts
 Y - a condenser vane


   Skills:
 + Level 20.6 Fighting
 - Level 9.0(13.7) Short Blades
 - Level 16.4(17.3) Long Blades
 - Level 2.0 Throwing
 - Level 24.0 Dodging
 - Level 20.6 Stealth
 - Level 8.0 Shields
 - Level 0.2 Unarmed Combat
 - Level 12.5 Spellcasting
 - Level 5.0 Hexes
 - Level 10.0 Summonings
 - Level 14.0 Necromancy
 O Level 27 Translocations
 - Level 4.0 Ice Magic
 - Level 6.0 Air Magic
 - Level 5.0 Earth Magic
 - Level 15.0 Evocations
 - Level 19.0 Shapeshifting


You had 2 spell levels left.
You knew the following spells:

 Your Spells              Type           Power      Damage    Failure   Level
a - Fugue of the Fallen   Necr           70%        N/A       1%          3
b - Death Channel         Necr           35%        N/A       2%          6
c - Malign Gateway        Summ/Tloc      40%        N/A       1%          7
d - Passwall              Erth           39%        N/A       1%          3
e - Manifold Assault      Tloc           49%        N/A       1%          7
f - Vhi's Electric Charg  Tloc/Air       100%       N/A       1%          4
g - Blink                 Tloc           100%       N/A       0%          2
h - Disjunction           Tloc           49%        N/A       1%          8
i - Irradiate             Conj/Alch      7%         3d14      80%         5
j - Passage of Golubria   Tloc           98%        N/A       0%          4

Your spell library contained the following spells:

 Spells                   Type           Power      Damage    Failure   Level
 Apportation              Tloc           100%       N/A       0%          1
 Necrotise                Necr           100%       1d9       0%          1
 Lesser Beckoning         Tloc           100%       N/A       0%          2
 Freeze                   Ice            100%       1d10      1%          1
 Sandblast                Erth           78%        2d17      1%          1
 Shock                    Conj/Air       100%       1d9       1%          1
 Slow                     Hex            100%       N/A       1%          1
 Summon Small Mammal      Summ           100%       N/A       1%          1
 Call Imp                 Summ           100%       N/A       1%          2
 Cigotuvi's Dreadful Rot  Necr/Alch/Air  94%        N/A       1%          2
 Ensorcelled Hibernation  Hex/Ice        72%        N/A       1%          2
 Jinxbite                 Hex            78%        N/A       1%          2
 Momentum Strike          Conj/Tloc      100%       3d10      1%          2
 Static Discharge         Conj/Air       58%        3-6/arc   2%          2
 Foxfire                  Conj/Fire      60%        2x1d7     4%          1
 Magic Dart               Conj           60%        1d6       4%          1
 Sting                    Conj/Alch      60%        1d6       4%          1
 Scorch                   Fire           30%        2d6       8%          2
 Searing Ray              Conj           30%        2d5       8%          2
 Maxwell's Portable Pile  Tloc           98%        2d(15-43) 0%          3
 Teleport Other           Tloc           98%        N/A       0%          3
 Dispersal                Tloc           49%        N/A       0%          6
 Gell's Gavotte           Tloc           49%        2d(33-49) 0%          6
 Call Canine Familiar     Summ           58%        N/A       1%          3
 Confusing Touch          Hex            39%        N/A       1%          3
 Summon Ice Beast         Ice/Summ       48%        N/A       1%          3
 Vampiric Draining        Necr           70%        2d11      1%          3
 Volatile Blastmotes      Fire/Tloc      100%       2d18      1%          3
 Anguish                  Hex/Necr       28%        N/A       1%          4
 Dispel Undead            Necr           70%        3d24      1%          4
 Iskenderun's Mystic Bla  Conj/Tloc      68%        2d14      (+2d71%     4
 Martyr's Knell           Necr/Summ      64%        N/A       1%          4
 Summon Lightning Spire   Summ/Air       52%        N/A       1%          4
 Curse of Agony           Necr           70%        N/A       1%          5
 Summon Forest            Summ/Tloc      40%        N/A       1%          5
 Frozen Ramparts          Ice            68%        1d11      2%          3
 Ozocubu's Armour         Ice            34%        N/A       2%          3
 Borgnjor's Vile Clutch   Necr/Erth      28%        N/A       2%          5
 Airstrike                Air            21%        2d(4-20)  4%          4
 Dazzling Flash           Conj/Hex       54%        N/A       5%          3
 Inner Flame              Hex/Fire       27%        N/A       5%          3
 Stone Arrow              Conj/Erth      54%        3d10      5%          3
 Hailstorm                Conj/Ice       24%        3d7       6%          3
 Mephitic Cloud           Conj/Alch/Air  24%        N/A       6%          3
 Summon Blazeheart Golem  Fire/Summ      39%        N/A       6%          4
 Summon Mana Viper        Hex/Summ       50%        N/A       6%          5
 Silence                  Hex/Air        20%        N/A       14%         5
 Brom's Barrelling Bould  Conj/Erth      27%        2d5       17%         4
 Leda's Liquefaction      Alch/Erth      13%        N/A       17%         4
 Petrify                  Alch/Erth      27%        N/A       17%         4
 Lee's Rapid Deconstruct  Erth           19%        3d11*     17%         5
 Metabolic Englaciation   Hex/Ice        18%        N/A       22%         5
 Freezing Cloud           Conj/Ice/Air   15%        6-21      34%         5
 Arcjolt                  Conj/Air       14%        1d24      36%         5
 Flame Wave               Conj/Fire      15%        2d7       43%         4
 Fulminant Prism          Conj/Alch      7%         3d7       43%         4
 Ignite Poison            Fire/Alch      15%        N/A       43%         4
 Olgreb's Toxic Radiance  Alch           15%        N/A       43%         4
 Sticky Flame             Fire/Alch      15%        2d5       43%         4
 Yara's Violent Unravell  Hex/Alch       13%        3d7       43%         5
 Monstrous Menagerie      Summ           29%        N/A       56%         7
 Summon Hydra             Summ           29%        N/A       56%         7
 Infestation              Necr           35%        N/A       71%         8
 Permafrost Eruption      Ice/Erth       18%        2x4d5     75%         6
 Alistair's Intoxication  Alch           10%        N/A       80%         5
 Fireball                 Conj/Fire      7%         3d5       80%         5
 Iskenderun's Battlesphe  Conj           15%        2d7       80%         5
 Conjure Ball Lightning   Conj/Air       14%        3x3d6     91%         6
 Plasma Beam              Fire/Air       14%        2x1d25    91%         6
 Bombard                  Conj/Erth      13%        9d3       95%         6
 Sculpt Simulacrum        Ice/Alch       12%        N/A       97%         6
 Enfeeble                 Hex            19%        N/A       99%         7
 Spellforged Servitor     Conj/Summ      19%        N/A       99%         7
 Eringya's Noxious Bog    Alch           7%         4d6       100%        6
 Starburst                Conj/Fire      7%         6d4       100%        6
 Orb of Destruction       Conj           7%         9d6       100%        7
 Ozocubu's Refrigeration  Ice            17%        4d11      100%        7
 Discord                  Hex            19%        N/A       100%        8
 Ignition                 Fire           7%         3d5       100%        8
 Lehudib's Crystal Spear  Conj/Erth      13%        10d5      100%        8
 Maxwell's Capacitive Co  Air            21%        ∞         100%        8
 Chain Lightning          Conj/Air       14%        3d19      100%        9
 Fire Storm               Conj/Fire      7%         8d2       100%        9
 Polar Vortex             Ice            17%        12d2*     100%        9
 Shatter                  Erth           19%        3d18*     100%        9
 Sublimation of Blood     Necr           Unusable   N/A       N/A         2
 Animate Dead             Necr           Unusable   N/A       N/A         4
 Animate Armour           Summ/Erth      Unusable   N/A       N/A         4

Dungeon Overview and Level Annotations

Branches:
Dungeon (15/15)            Temple (0/1) D:5            Lair (5/5) D:10
 Shoals (4/4) Lair:3       Spider (4/4) Lair:2        Slime (5/5) Lair:5
    Orc (2/2) D:11            Elf (3/3) Orc:2        Vaults (5/5) D:14
  Crypt (3/3) Vaults:3     Depths (4/4) D:15           Hell (visited)
    Dis (0/7) Hell            Geh (0/7) Hell            Coc (0/7) Hell
    Tar (0/7) Hell            Zot (5/5) Depths:4      Sewer (visited)
   Tomb: Crypt:3

Altars:
Elyvilon
Fedhas
Gozag
Kikubaaqudgha
Makhleb
Nemelex Xobeh
Okawaru
Ru
Vehumet
Wu Jian
Beogh
Jiyva
Lugonu

Shops:
D:12 ?   D:13 ((:   Orc:2 =[[?:*   Elf:2 ==:*   Shoals:1 (   Shoals:2 :!(([
Vaults:1 =   Vaults:5 =!:[   Depths:4 !

Portals:
Hell: Depths:1 Depths:2 Depths:3 Depths:4
Abyss: Lair:5 Depths:1 Depths:3
Pandemonium: Depths:2

Annotations:
Shoals:1 1 runed translucent door, Hicvu's ghost, adept DsGl
Spider:3 2 transporters, Uximull's ghost, adept DsCA
Depths:3 exclusions: hell hog, reaper and 1 more exclusion
Zot:1 2 transporters


Innate Abilities, Weirdness & Mutations

You are a living statue of rough stone.
Your actions are slow, but your melee attacks are powerful.
You are resistant to unholy torment.
Your maximum health is greatly increased.
You cannot wear most types of armour.
You are amphibious.
You can wear up to eight rings at the same time.
You are immune to poison.
Your skin changes colour to match your surroundings (Stealth+).
((Your rubbery body absorbs attacks. (AC +1, EV +1)))
((You are camouflaged when in or above water. (Stealth+)))
You have tentacles for arms and can constrict up to eight enemies at once.
You are clumsy. (Dex -2)
You frequently scream uncontrollably at your foes.
You are weak. (Str -2)


Message History

You hear a shout!
Something barely misses the sun demon.
The sun demon barely misses something.
Something barely misses the sun demon.
The sun demon hits something!
The sun demon stares, then turns away, jangling a coin purse.
A sun demon comes into view.
You scream at the sun demon!
The sun demon hits something!!
Something is engulfed in flames.
A sun demon comes into view.
Your sun demon grins greedily, jangling a coin purse.
A balrug comes into view.
It is wielding a +2 antimagic demon whip.
Your balrug grins greedily, jangling a coin purse.
The sun demon moves out of view.
Your balrug moves out of view.
No target in view!
No target in view!
No target in view!
You now have 18107 gold pieces (gained 5).
(D) Dungeon (T) Temple (L) Lair (A) Shoals (N) Spider Nest (M) Slime Pits (O) Orcish Mines (E) Elven Halls (V) Vaults (C) Crypt (U) Depths (H) Hell (I) Dis (G) Gehenna (X) Cocytus (Y) Tartarus (Z) Zot
Where to? (Tab/Enter - D:1 @ (x,y), ? - help)
You enter the shallow water.
You sense a monster nearby.
(D) Dungeon (T) Temple (L) Lair (A) Shoals (N) Spider Nest (M) Slime Pits (O) Orcish Mines (E) Elven Halls (V) Vaults (C) Crypt (U) Depths (H) Hell (I) Dis (G) Gehenna (X) Cocytus (Y) Tartarus (Z) Zot
Where to? (Tab/Enter - D:1 @ (x,y), ? - help)
You enter the shallow water.
There is an open door here.
There is a staircase leading out of the dungeon here.
A red film seems to cover your vision as you go berserk!
You feel yourself moving faster!
You feel mighty!
Unknown command.
You can't go down here!
Unknown command.
You feel a strong urge to attack something.
You have escaped!

#####.#3...{..### #.[.#
#.#.#####.3.# #.###
#.#.#####.#.### #.#####
#......##~{~~~# #......
###.##.##♣~~~♣#####.#####
#....###♣~~###....#####
######.##3##.####.##...
#32'~'..# #.##.##
#I##~##.# #.##.##
###♣{♣### #...... #♣~~~~#
####.## #~~~~~# #.#
###♣### #.## #... ###. #.
##.


You could see a neutral sun demon (wandering), a friendly balrug and a friendly
sun demon.

Vanquished Creatures
  the Royal Jelly (Slime:5)
  Ignacio (Pan)
  7 ancient liches
  Frederick (Vaults:4)
  8 dread liches
  4 orbs of fire
  Mara (Shoals:3)
  4 pandemonium lords
  The ghost of Cavedixzy the Slayer, a veteran OnBe of Trog (Zot:2)
  3 juggernauts
  Xtahua (Vaults:3)
  Boris (thrice) (Vaults:1 Vaults:3 Vaults:5)
  4 royal mummies (Zig:19)
  Bai Suzhen (Shoals:3)
  Geryon (Hell)
  11 Killer Klowns
  14 golden dragons
  A golden dragon (shapeshifter) (Zig:6)
  A profane servitor (Abyss:1)
  2 bone dragons
  2 doom hounds (Crypt:2)
  3 Tzitzimimeh
  2 Brimstone Fiends (Pan)
  2 electric golems
  24 tentacled monstrosities
  2 walking crystal tomes
  Jorgrun (Orc:1)
  5 liches
  2 titans
  2 Hell Sentinels
  2 tainted leviathans (Zig:14)
  26 Orb Guardians
  25 acid blobs
  7 quicksilver dragons
  Grunn (Crypt:2)
  The ghost of jamsaran the Cloud Mage, an adept TeSu of Nemelex Xobeh (Elf:2)
  5 deep elf blademasters
  4 deep elf master archers
  A quicksilver dragon (shapeshifter) (Zig:8)
  4 Executioners
  8 tentacled starspawn
  11 death cobs
  Polyphemus (Shoals:3)
  Murray (Depths:4)
  4 sphinxes
  5 ancient champions
  Gastronok (D:9)
  The ghost of DrFunkyFeet the Bludgeoner, a journeyman OnGl of Yredelemnul (Orc:2)
  12 shadow dragons
  5 tengu reavers
  5 draconian monks
  13 azure jellies
  A protean progenitor (Zig:6)
  9 storm dragons
  4 revenants
  7 draconian knights
  Donald (Elf:2)
  A demonspawn warmonger (Pan)
  10 rockslimes
  2 daevas
  3 draconian scorchers
  8 fire giants
  Aizul (Shoals:4)
  5 iron dragons
  5 draconian shifters
  5 emperor scorpions
  4 deep elf elementalists
  20 vault wardens
  3 balrugs
  24 ghost moths
  A caustic shrike zombie (Zig:19)
  6 deep elf sorcerers
  3 curse skulls
  4 frost giants
  5 orc warlords
  4 reapers
  An angel (Abyss:1)
  A juggernaut zombie (Hell)
  2 draconian annihilators
  4 draconian stormcallers
  9 cacodemons
  3 demonspawn blood saints (Pan)
  3 demonspawn corrupters
  4 ghouls
  18 ironbound preservers
  5 spriggan defenders
  5 broodmothers
  12 very ugly things
  4 vampire knights
  A caustic shrike skeleton (Zig:19)
  17 stone giants
  8 ironbound thunderhulks
  11 quicksilver oozes
  8 formless jellyfish
  An ophan (Zig:18)
  12 deep elf death magi
  Nessos (D:14)
  12 yellow draconians
  9 lorocyprocas (Pan)
  14 green draconians
  5 deep elf demonologists
  3 minotaurs (Shoals:4)
  15 black draconians
  6 deep elf annihilators
  16 purple draconians
  A putrid mouth (Crypt:2)
  8 red draconians
  14 demonspawn black suns
  12 dire elephants
  2 bennus (Zig:19)
  10 white draconians
  6 spark wasps
  2 war gargoyles (Vaults:5)
  A bunyip (Zig:5)
  7 eidola
  4 jiangshi (Crypt:1)
  A merfolk impaler (Shoals:2)
  11 ettins
  2 merfolk javelineers
  10 entropy weavers
  3 blizzard demons
  2 green deaths
  9 mummy priests (Zig:19)
  7 fire dragons
  31 vault guards
  2 crystal guardians
  2 iron golems (Hell)
  A servant of whispers (Zig:14)
  5 spriggan zombies
  5 hydras
  A kraken zombie (Hell)
  20 yaktaur captains
  Erolcha (Orc:2)
  4 deep elf high priests
  7 ice dragons
  19 great orbs of eyes
  A quicksilver dragon skeleton (Abyss:3)
  4 jorogumos
  3 ogre magi
  A salamander tyrant (Depths:3)
  9 spriggan air magi
  A peacekeeper (Vaults:2)
  4 merfolk avatars
  5 rakshasas
  8 radroaches
  A spriggan skeleton (Zig:19)
  7 ironbound frosthearts
  6 death knights
  A sphinx zombie (Hell)
  6 centaur warriors
  2 catoblepae
  31 dancing weapons
  The ghost of timneilson the Martial Artist, a journeyman OpSh of Gozag (D:9)
  2 merfolk aquamancers
  9 satyrs
  4 deep troll earth magi
  6 tengu warriors
  4 boulder beetles
  12 two-headed ogres
  5 death scarabs (Zig:19)
  15 death yaks
  9 demonic crawlers
  4 deep troll shamans
  13 orc high priests
  9 vampire magi
  Urug (D:14)
  12 thrashing horrors
  10 sun demons
  16 soul eaters
  2 occultists
  6 hell hogs
  3 skysharks
  3 hell knights
  A spriggan berserker (Depths:2)
  17 deep elf knights
  15 wretched stars
  A skyshark (shapeshifter) (Vaults:5)
  7 iron trolls
  2 shadow wraiths
  2 titan skeletons (Zig:19)
  10 deep elf archers
  8 sixfirhies
  A golden dragon zombie (Crypt:1)
  7 sea snakes
  14 skeletal warriors
  4 shadow demons
  3 anaconda zombies
  4 arcanists
  6 pharaoh ants
  A spatial maelstrom (Zig:5)
  2 bog bodies (Crypt:1)
  5 obsidian bats
  2 sun moths
  15 harpies
  46 deep trolls
  A spark wasp zombie (Hell)
  55 large abominations
  8 orb spiders
  A bunyip skeleton (Crypt:2)
  5 flayed ghosts
  6 glowing orange brains
  20 ironbound convokers
  2 tengu zombies
  A thermic dynamo (Elf:3)
  A sea snake (shapeshifter) (Vaults:5)
  17 phantasmal warriors
  An anaconda skeleton (Hell)
  7 steelbarb worms
  28 deep elf zephyrmancers
  17 lindwurms
  A steelbarb worm (shapeshifter) (Zig:6)
  26 wolf spiders
  10 necromancers
  5 cyclopes
  20 deep elf pyromancers
  17 orc sorcerers
  3 iron dragon zombies
  20 ugly things
  An alligator skeleton (Hell)
  13 fauns
  12 orc knights
  2 shadow dragon skeletons
  A will-o-the-wisp (Zig:18)
  4 fire giant zombies
  5 shining eyes
  17 manticores
  31 moths of wrath
  5 salamanders
  3 stone giant zombies
  A tengu skeleton (Vaults:3)
  A human zombie (Vaults:3)
  A naga zombie (Abyss:1)
  A frost giant zombie (Hell)
  4 merfolk sirens
  8 meliai
  A dire elephant zombie (Abyss:2)
  3 apocalypse crabs
  27 vault sentinels
  7 rust devils
  4 worldbinders
  3 black mambas
  4 eyes of devastation (Slime:5)
  5 kobold blastminers
  An ice statue (D:9)
  A titan simulacrum (Zig:19)
  5 water nymphs
  A frost giant skeleton (Crypt:2)
  A guardian serpent (Abyss:2)
  9 orange demons
  28 smoke demons
  2 gargoyles
  5 elephants (Lair:3)
  2 black mambas (shapeshifter)
  13 cane toads
  9 torpor snails
  Maggie (D:7)
  A water nymph (shapeshifter) (Zig:8)
  A centaur skeleton (Hell)
  A hellion (Abyss:1)
  A cane toad (shapeshifter) (Abyss:1)
  3 rime drakes
  8 freezing wraiths
  30 yaktaurs
  A yaktaur (shapeshifter) (Lair:5)
  A dire elephant skeleton (Hell)
  Jeremiah (D:7)
  A sea snake zombie (Hell)
  An efreet (D:13)
  7 ice devils (Hell)
  An alligator snapping turtle skeleton (Crypt:1)
  10 komodo dragons
  4 tormentors
  A kobold demonologist (D:9)
  A black draconian skeleton (Crypt:1)
  3 harpy zombies
  6 ancient zymes
  7 trolls
  A yaktaur skeleton (Vaults:3)
  5 guardian mummies (Zig:19)
  A hydra zombie (Hell)
  A polar bear (Lair:2)
  22 merfolk
  13 human skeletons (Vaults:3)
  2 red devils (Zot:1)
  A queen bee (shapeshifter) (D:14)
  A queen bee (Abyss:3)
  A troll (shapeshifter) (Zig:8)
  2 silent spectres
  A hellwing (D:4)
  4 wind drakes
  A tengu simulacrum (Depths:2)
  Grinder (D:3)
  5 hornets
  25 tarantellas
  The ghost of 0gre the Chiller, an amateur GnIE of Vehumet (D:5)
  Prince Ribbit (D:5)
  An ettin zombie (Hell)
  5 glass eyes
  A snapping turtle (shapeshifter) (D:15)
  20 blink frogs
  8 snapping turtles
  3 hydra skeletons
  A stone giant simulacrum (Vaults:3)
  25 jumping spiders
  An alligator simulacrum (Hell)
  6 dream sheep
  16 raiju
  100 slime creatures
  Sigmund (D:5)
  An ice dragon skeleton (Crypt:1)
  An air elemental (Zig:11)
  2 wyverns
  4 spriggans
  6 ynoxinuls
  4 ushabtiu (Zig:19)
  14 wraiths
  3 elf skeletons (Vaults:3)
  2 vampires
  An ettin skeleton (Hell)
  11 water elementals
  16 humans
  A spriggan (shapeshifter) (Lair:5)
  3 centaur simulacra
  A shadow (D:12)
  21 culicivoras
  A hog (shapeshifter) (Abyss:1)
  2 fire bats (Depths:3)
  A yak (shapeshifter) (Elf:2)
  64 yaks
  A fire elemental (Elf:1)
  A basilisk (shapeshifter) (D:15)
  A basilisk (Lair:1)
  8 golden eyes
  9 neqoxecs
  3 steam dragons
  A redback (shapeshifter) (Zig:6)
  A sea snake simulacrum (Hell)
  13 wargs
  47 redbacks
  5 vampire mosquitoes
  A harpy simulacrum (Crypt:1)
  8 chaos spawn
  3 acid dragons
  Edmund (D:6)
  A naga skeleton (Crypt:2)
  20 small abominations
  12 water moccasins
  A fire bat skeleton (Crypt:2)
  Pargi (Sewer)
  20 laughing skulls
  3 sky beasts
  A black bear (Lair:1)
  A demonspawn skeleton (Crypt:1)
  An ice beast (D:6)
  30 orc warriors
  2 boggarts (Vaults:2)
  18 ogres
  22 wolves
  A dream sheep skeleton (Crypt:1)
  38 starcursed masses
  5 centaurs
  3 weeping skulls
  2 gnoll sergeants (D:5)
  2 kobold brigands (D:10)
  3 brain worms
  15 bullfrogs
  7 scorpions
  An earth elemental (Elf:2)
  A water moccasin skeleton (Crypt:1)
  11 wights
  A human simulacrum (Vaults:3)
  11 howler monkeys
  5 electric eels
  A wolf zombie (Crypt:2)
  A lava snake (D:9)
  A bombardier beetle (D:5)
  A quasit (Abyss:1)
  4 hounds
  3 jellies
  A bullfrog skeleton (Crypt:2)
  2 iguanas
  19 orc priests
  2 gnoll boudas (D:5)
  3 iron imps
  Terence (D:2)
  39 orc wizards
  10 hell rats
  A deep dwarf skeleton (Crypt:2)
  An ogre skeleton (Crypt:1)
  19 mummies (Zig:19)
  11 gnolls (D:5)
  7 river rats (Lair:2)
  12 adders
  2 shadow imps
  2 white imps
  3 ufetubi
  3 ribbon worms
  50 orcs
  13 ball pythons
  A bat zombie (Crypt:1)
  15 endoplasms
  5 giant cockroaches
  7 goblins
  8 hobgoblins
  A jackal (D:5)
  A quokka (D:3)
  14 bats
  7 frilled lizards
  16 kobolds
  10 rats
  An aspiring flesh (Zig:6)
  3 starspawn tentacles
  3 tentacles (Hell)
2909 creatures vanquished.

Vanquished Creatures (collateral kills)
  A juggernaut (Depths:1)
  2 Killer Klowns (Zot:5)
  An electric golem (Zot:5)
  2 tentacled monstrosities
  2 Orb Guardians (Zot:5)
  A lich (Depths:2)
  An acid blob (Slime:5)
  2 quicksilver dragons
  A shadow dragon (Depths:3)
  An azure jelly (Slime:4)
  2 vault wardens (Vaults:5)
  3 ghost moths
  A balrug (Pan)
  2 orc warlords (Zig:14)
  A cacodemon (Zig:18)
  An ironbound preserver (Vaults:5)
  A very ugly thing (Vaults:5)
  A broodmother (Zig:13)
  A juggernaut skeleton (Depths:1)
  A demonspawn blood saint (Pan)
  A caustic shrike skeleton (Zig:19)
  A quicksilver ooze (Slime:5)
  5 stone giants
  2 vampire knights (Depths:3)
  2 bennus (Zig:19)
  A green draconian (Zot:5)
  A yellow draconian (Zot:5)
  A spark wasp (Depths:1)
  4 ettins
  A fire dragon (Depths:1)
  A green death (Zig:18)
  4 yaktaur captains (Vaults:5)
  4 entropy weavers
  3 vault guards (Vaults:5)
  An ogre mage (Zig:15)
  A jorogumo (Zig:13)
  3 radroaches
  2 boulder beetles
  A two-headed ogre (Vaults:5)
  3 orc high priests
  A vampire mage (Depths:3)
  A deep troll earth mage (Depths:4)
  A soul eater (Pan)
  4 deep trolls
  A pharaoh ant (Zig:16)
  A spatial maelstrom (Zig:18)
  An iron troll (Zig:15)
  3 orb spiders (Zig:16)
  3 large abominations
  A flayed ghost (Depths:3)
  A swamp dragon (shapeshifter) (Depths:1)
  A steelbarb worm (Zig:13)
  An orc knight (Zig:15)
  4 wolf spiders
  3 phantasmal warriors (Depths:3)
  An orc sorcerer (Zig:15)
  An ugly thing (Depths:1)
  A glowing shapeshifter (Vaults:5)
  2 moths of wrath
  A worldbinder (Zig:18)
  A meliai (Zig:13)
  An apocalypse crab (Zig:18)
  A kobold blastminer (Zig:14)
  A smoke demon (Pan)
  2 torpor snails
  A tormentor (Pan)
  A troll (Zig:14)
  2 guardian mummies (Zig:19)
  2 tarantellas (Zig:16)
  A jumping spider (Zig:16)
  A glass eye (Depths:1)
  A raiju (Zig:18)
  8 slime creatures
  A spriggan (Depths:3)
  3 spriggan skeletons (Depths:1)
  An ushabti (Zig:19)
  A neqoxec (Pan)
  A glowing shapeshifter zombie (Depths:1)
  3 redbacks
  12 orc warriors
  3 ogres
  An earth elemental (Zig:11)
  3 orc priests
  A starcursed mass (Zig:18)
  An iguana (D:7)
157 creatures vanquished.

Vanquished Creatures (others)
  A demonspawn corrupter (Pan)
  A spark wasp (Spider:4)
  A merfolk javelineer (Shoals:4)
  A satyr (Shoals:4)
  A soul eater (Depths:1)
  A sun demon (D:1)
  A large abomination (Zot:1)
  A faun (Shoals:4)
  A meliai (Spider:4)
  A water nymph (Shoals:4)
  A tormentor (D:1)
  A snapping turtle (Shoals:2)
  A culicivora (Spider:2)
  A ynoxinul (Zot:1)
  A neqoxec (Zot:1)
  An orc warrior (Zig:15)
  An orc (Orc:2)
  7 foxfires (Zig:18)
  4 starspawn tentacles
  A tentacle (Hell)
29 creatures vanquished.

Grand Total: 3095 creatures vanquished

Notes
Turn   | Place    | Note
-------+----------+-------------------------------------------
     0 | D:1      | ragingrage the Octopode Gladiator began the quest for the
                  | Orb.
     0 | D:1      | Reached XP level 1. HP: 14/14 MP: 1/1
   115 | D:1      | Reached skill level 1 in Stealth
   229 | D:1      | Reached XP level 2. HP: 19/19 MP: 2/2
   698 | D:2      | Reached XP level 3. HP: 24/24 MP: 3/3
   865 | D:2      | Noticed Terence
   918 | D:2      | Reached XP level 4. HP: 28/29 MP: 4/4
  1308 | D:2      | Killed Terence
  1645 | D:3      | Reached skill level 5 in Long Blades
  1645 | D:3      | Reached XP level 5. HP: 31/34 MP: 5/5
  1662 | D:3      | Found a faded altar of an unknown god.
  1952 | D:3      | Found a glowing drain.
  1962 | Sewer    | Entered a sewer
  1984 | Sewer    | Noticed Pargi
  2108 | Sewer    | Killed Pargi
  2109 | Sewer    | Reached XP level 6. HP: 16/39 MP: 6/6
  2645 | D:3      | Noticed Grinder
  2697 | D:3      | Identified the +6 dagger "Ultimatum" {elec, Str+2}
  2889 | D:4      | Noticed a sky beast
  2896 | D:4      | Killed a sky beast
  2910 | D:4      | Reached XP level 7. HP: 45/45 MP: 7/7
  3129 | D:4      | Identified the +9 dagger of Devotion {freeze, rElec rN+
                  | Will+}
  3592 | D:4      | Found an iron altar of Okawaru.
  3592 | D:4      | Found an opulent altar of Gozag.
  3599 | D:4      | Found a sacrificial altar of Ru.
  3601 | D:4      | Found a sparkling altar of Nemelex Xobeh.
  3605 | D:4      | Became a worshipper of Gozag Ym Sagoz the Greedy
  3610 | D:4      | Found an ornate altar of the Wu Jian Council.
  3649 | D:5      | Entered Level 5 of the Dungeon
  3664 | D:5      | Reached skill level 5 in Short Blades
  3701 | D:5      | Noticed Sigmund
  3736 | D:4      | Reached XP level 8. HP: 20/50 MP: 8/8
  3868 | D:5      | Killed Sigmund
  4043 | D:5      | Noticed Prince Ribbit
  4050 | D:5      | Killed Prince Ribbit
  4091 | D:5      | Noticed 0gre's ghost (amateur GnIE)
  4432 | D:5      | Found a staircase to the Ecumenical Temple.
  4462 | D:5      | Found a transporter.
  4463 | D:5      | Found a transporter.
  4736 | D:5      | Reached XP level 9. HP: 54/54 MP: 9/9
  4744 | D:5      | Found a burning altar of Makhleb.
  5182 | D:6      | Noticed Edmund
  5522 | D:7      | Noticed a hornet
  5564 | D:7      | Killed a hornet
  5711 | D:7      | Noticed Jeremiah
  5755 | D:7      | Learned a level 2 spell: Ensorcelled Hibernation
  5791 | D:7      | Identified the ring "Oghir" {rElec rC+ Str+2 Int+6}
  6134 | D:7      | Noticed Maggie
  6146 | D:7      | Reached skill level 5 in Dodging
  6247 | D:7      | Killed Jeremiah
  6248 | D:7      | Reached skill level 1 in Hexes
  6248 | D:7      | Reached skill level 1 in Ice Magic
  6708 | D:6      | Reached skill level 5 in Fighting
  7687 | D:7      | Reached XP level 10. HP: 66/66 MP: 10/10
  8021 | D:8      | Noticed a deep elf pyromancer
  8025 | D:8      | Killed a deep elf pyromancer
  8489 | D:8      | Reached skill level 1 in Spellcasting
  8614 | D:8      | Found a blossoming altar of Fedhas.
  8835 | D:8      | Reached skill level 5 in Hexes
  8898 | D:8      | Noticed a boulder beetle
  8921 | D:8      | Killed a boulder beetle
  8937 | D:8      | Identified the +7 whip of Turmoil {protect, *Corrode +Blink
                  | rElec Stlth+}
  8952 | D:8      | Noticed a cyan ugly thing
  8958 | D:8      | Killed a cyan ugly thing
  8959 | D:8      | Reached skill level 1 in Evocations
  9083 | D:9      | Found a runed translucent gate.
  9083 | D:9      | Found a runed translucent gate.
  9083 | D:9      | Found a runed translucent gate.
  9099 | D:9      | Learned a level 3 spell: Passwall
  9110 | D:9      | Noticed Gastronok
  9121 | D:9      | Killed Gastronok
  9122 | D:9      | Reached skill level 1 in Earth Magic
  9122 | D:9      | Reached XP level 11. HP: 43/72 MP: 14/14
  9282 | D:9      | Noticed an 11-headed hydra
  9283 | D:9      | Noticed timneilson's ghost (journeyman OpSh)
 10087 | D:10     | Entered Level 10 of the Dungeon
 10102 | D:10     | Noticed a two-headed ogre
 10110 | D:9      | Killed a two-headed ogre
 10111 | D:9      | Reached skill level 1 in Shapeshifting
 10376 | D:10     | Found a staircase to the Lair.
 11242 | D:11     | Noticed a two-headed ogre
 11248 | D:11     | Killed a two-headed ogre
 11750 | D:11     | Found a staircase to the Orcish Mines.
 12001 | Lair:1   | Entered Level 1 of the Lair of Beasts
 12177 | Lair:1   | Reached skill level 5 in Evocations
 12233 | Lair:1   | Reached XP level 12. HP: 47/81 MP: 7/15
 12700 | Lair:1   | Reached skill level 5 in Earth Magic
 13168 | Lair:2   | Found a hole to the Spider Nest.
 13964 | Lair:2   | Reached skill level 5 in Shapeshifting
 14447 | Lair:3   | Reached skill level 10 in Dodging
 14870 | Lair:3   | Reached XP level 13. HP: 88/88 MP: 16/16
 15102 | Lair:3   | Found a staircase to the Shoals.
 15791 | Lair:4   | Identified 3 scrolls of acquirement
 15811 | Lair:4   | Acquired 1102 gold pieces
 16013 | Lair:4   | Reached skill level 10 in Stealth
 16078 | Lair:5   | Entered Level 5 of the Lair of Beasts
 16517 | Lair:5   | HP: 3/88 [skyshark (10)]
 17183 | Lair:5   | Reached XP level 14. HP: 94/94 MP: 7/17
 17372 | Lair:5   | Found a viscous altar of Jiyva.
 17374 | Lair:5   | Found a staircase to the Slime Pits.
 17518 | Lair:5   | Reached skill level 10 in Shapeshifting
 19979 | Lair:5   | Found a corrupted altar of Lugonu.
 19979 | Lair:5   | Found a one-way gate to the infinite horrors of the Abyss.
 20230 | Orc:1    | Entered Level 1 of the Orcish Mines
 20284 | Orc:1    | Noticed Jorgrun
 20293 | Orc:1    | Killed Jorgrun
 21116 | Orc:2    | Entered Level 2 of the Orcish Mines
 21762 | Orc:2    | Paralysed by an orc sorcerer for 4 turns
 21924 | Orc:2    | Found a staircase to the Elven Halls.
 22571 | Orc:2    | Found a runed translucent gate.
 22571 | Orc:2    | Found a runed translucent gate.
 22571 | Orc:2    | Found a runed translucent gate.
 22572 | Orc:2    | Noticed DrFunkyFeet's ghost (journeyman OnGl)
 22595 | Orc:2    | Reached XP level 15. HP: 103/103 MP: 15/18
 22844 | Orc:2    | Found Joedod's Magic Scroll Boutique.
 22891 | Orc:2    | Found a radiant altar of Vehumet.
 22891 | Orc:2    | Noticed Erolcha
 22933 | Orc:2    | Reached skill level 10 in Fighting
 22953 | Orc:2    | Killed Erolcha
 23223 | Orc:2    | Found a roughly hewn altar of Beogh.
 23223 | Orc:2    | Found Wetta's Antique Armour Shop.
 23365 | Orc:2    | Found Corhenum's Antique Armour Shop.
 23395 | Orc:2    | Found an ancient bone altar of Kikubaaqudgha.
 23417 | Orc:2    | Found Yfimakah's Jewellery Boutique.
 23680 | Orc:2    | Bought a box of beasts for 520 gold pieces
 23680 | Orc:2    | Bought a phial of floods for 520 gold pieces
 23680 | Orc:2    | Bought a phantom mirror for 520 gold pieces
 23680 | Orc:2    | Bought 2 potions of might for 104 gold pieces
 23960 | D:12     | Found Ushoniuwk's Magic Scroll Boutique.
 24107 | D:12     | Bought a scroll of identify for 24 gold pieces
 24107 | D:12     | Bought a scroll of identify for 24 gold pieces
 24107 | D:12     | Bought a scroll of identify for 24 gold pieces
 24187 | D:12     | Found an iron altar of Okawaru.
 24400 | D:13     | Found Immeb's Antique Weapon Emporium.
 24412 | D:13     | Found Corodanodgh's Book Shop.
 24441 | D:13     | Found Zagoudun's Weapon Emporium.
 24766 | D:13     | Noticed a fire giant
 24772 | D:13     | Killed a fire giant
 24954 | D:13     | Identified the +7 arbalest of Arcadian Watchfulness {drain,
                  | rElec rPois rC++ Str-4}
 25561 | Lair:3   | Identified the ring of Mazounna {Wiz Str+3 Stlth+}
 25870 | D:14     | Noticed Urug
 25870 | D:14     | Noticed Nessos
 25870 | D:14     | Found a gate to the Vaults.
 26712 | D:14     | Killed Nessos
 26793 | D:14     | Killed Urug
 27065 | D:14     | Acquired a granite talisman
 27072 | D:14     | Acquired the ring of Broken Luck {rC- EV+5 Str+3 Int+3
                  | Dex+7}
 27959 | D:15     | Entered Level 15 of the Dungeon
 28015 | D:15     | Found a sparkling altar of Nemelex Xobeh.
 28049 | D:15     | Found a staircase to the Depths.
 28495 | D:15     | Reached XP level 16. HP: 109/109 MP: 19/19
 29135 | Spider:1 | Entered Level 1 of the Spider Nest
 29252 | Shoals:1 | Entered Level 1 of the Shoals
 29777 | D:9      | Killed timneilson's ghost
 29936 | D:3      | Killed Grinder
 30036 | D:5      | Killed 0gre's ghost
 31578 | D:6      | Killed Edmund
 31779 | D:7      | Killed Maggie
 32175 | Orc:2    | Killed DrFunkyFeet's ghost
 32777 | Shoals:1 | Found Gueggun's Antique Weapon Boutique.
 32780 | Shoals:1 | Found a runed translucent door.
 32786 | Shoals:1 | Noticed Hicvu's ghost (adept DsGl)
 32855 | Shoals:1 | Reached skill level 15 in Shapeshifting
 33315 | Shoals:2 | Found Quffuxtu's Weapon Boutique.
 33336 | Shoals:2 | Found Zuecy's Antique Weapon Shoppe.
 33419 | Shoals:2 | Found Eppirchau's Distillery.
 33424 | Shoals:2 | Found Uxkohijev's Book Shoppe.
 33455 | Shoals:2 | Bought 2 potions of heal wounds for 100 gold pieces
 33455 | Shoals:2 | Bought 2 potions of curing for 60 gold pieces
 33514 | Shoals:2 | Found Noekic's Antique Armour Emporium.
 34066 | Shoals:3 | Noticed Polyphemus
 34128 | Shoals:3 | Killed Polyphemus
 34530 | Shoals:3 | Noticed Mara
 34542 | Shoals:3 | Noticed ragingrage's illusion
 34557 | Shoals:3 | Killed Mara
 34558 | Shoals:3 | Reached skill level 10 in Long Blades
 34558 | Shoals:3 | Reached XP level 17. HP: 105/115 MP: 20/20
 34637 | Shoals:3 | Noticed Bai Suzhen
 34656 | Shoals:3 | Killed Bai Suzhen
 35040 | Shoals:4 | Entered Level 4 of the Shoals
 35051 | Shoals:4 | Reached skill level 1 in Shields
 35323 | Shoals:4 | Identified the serpent talisman of the Garden {rElec rCorr
                  | Str-3 Dex+6}
 35323 | Shoals:4 | Noticed Aizul
 35335 | Shoals:4 | Noticed a sphinx
 35339 | Shoals:4 | Killed Aizul
 35342 | Shoals:4 | Killed a sphinx
 35517 | Shoals:4 | Identified the amulet "Plog" {Reflect +Blink rPois Dex+2
                  | SH+5}
 35730 | Shoals:4 | Got a barnacled rune of Zot
 35732 | Shoals:4 | Got the Monograph on Stony Ceraunoscopy
 36167 | Spider:1 | Learned a level 4 spell: Vhi's Electric Charge
 36375 | Spider:1 | Reached skill level 1 in Translocations
 36375 | Spider:1 | Reached skill level 1 in Air Magic
 36590 | Spider:1 | Reached skill level 2 in Translocations
 36700 | Spider:1 | Reached skill level 15 in Dodging
 37149 | Spider:2 | Reached XP level 18. HP: 120/120 MP: 21/21
 37467 | Spider:2 | Reached skill level 3 in Translocations
 38005 | Spider:3 | Noticed Uximull's ghost (adept DsCA)
 38021 | Spider:3 | Found a transporter.
 38024 | Spider:3 | Found a transporter.
 38480 | Spider:3 | Reached skill level 4 in Translocations
 38909 | Orc:2    | Bought a scroll of acquirement for 624 gold pieces
 38909 | Orc:2    | Acquired the +2 hood of the Assassin {Detect Stab+ Stlth++}
 38909 | Orc:2    | Found the +2 hood of the Assassin {Detect Stab+ Stlth++}
 39157 | Spider:4 | Entered Level 4 of the Spider Nest
 39841 | Spider:4 | Reached skill level 5 in Air Magic
 39843 | Spider:4 | Reached skill level 5 in Translocations
 40033 | Spider:4 | Got a gossamer rune of Zot
 40372 | Elf:1    | Entered Level 1 of the Elven Halls
 40401 | Elf:1    | Reached skill level 15 in Stealth
 40949 | Elf:1    | You fall into a shaft and drop 1 floor!
 41135 | Elf:2    | Found a runed translucent door.
 41148 | Elf:2    | Reached XP level 19. HP: 126/126 MP: 22/22
 41153 | Elf:2    | Reached skill level 6 in Translocations
 41153 | Elf:2    | Reached skill level 10 in Evocations
 41235 | Elf:2    | Found Tuxtisajin's Book Shop.
 41236 | Elf:2    | Found Rant's Jewellery Shoppe.
 41236 | Elf:2    | Found Etunn's Jewellery Shoppe.
 41376 | Elf:2    | Found a runed translucent gate.
 41380 | Elf:2    | Found a runed translucent gate.
 41380 | Elf:2    | Found a runed translucent gate.
 41498 | Elf:2    | Found Imo Syol's General Store.
 41509 | Elf:2    | Bought a potion of haste for 170 gold pieces
 41509 | Elf:2    | Bought a potion of heal wounds for 85 gold pieces
 41783 | Elf:2    | Noticed jamsaran's ghost (adept TeSu)
 42120 | Elf:2    | Noticed Donald
 42169 | Elf:2    | Killed Donald
 42628 | Elf:3    | Entered Level 3 of the Elven Halls
 42665 | Elf:2    | Killed jamsaran's ghost
 42673 | Elf:2    | Got the Catalogue of Energy
 44552 | Elf:3    | Noticed a Brimstone Fiend
 44664 | Elf:3    | Noticed an Ice Fiend
 45628 | Elf:3    | Reached XP level 20. HP: 132/132 MP: 24/24
 45629 | Elf:3    | Identified the amulet of Nucaruu {rN++ RegenMP+ rCorr SInv
                  | Stlth-}
 45683 | Elf:3    | Identified the ring "Azeoll" {Ice MP+9 Int+4}
 45721 | Elf:3    | Found the +8 frozen axe "Frostbite" {freeze, freezing
                  | cloud, *Noise Fly rC+}
 45725 | Elf:3    | Identified the ring "Xoxkam" {rPois rC- rCorr Str+6 Dex+5}
 45779 | Elf:3    | Got Yrikko Wyad's Almanac of the Alkahest
 46211 | Vaults:1 | Entered Level 1 of the Vaults
 46944 | Vaults:1 | Identified the +3 robe of Zep Sebb {+Inv rElec Regen+
                  | Str-3}
 46944 | Vaults:1 | Noticed Boris
 46946 | Vaults:1 | Killed Boris
 47025 | Vaults:1 | Reached skill level 7 in Translocations
 47037 | Vaults:1 | Found Coffux's Jewellery Boutique.
 47851 | Vaults:1 | Learned a level 3 spell: Fugue of the Fallen
 47968 | Vaults:1 | Reached skill level 15 in Long Blades
 48250 | Vaults:2 | Reached skill level 1 in Necromancy
 48352 | Vaults:2 | Found a white marble altar of Elyvilon.
 48371 | Vaults:2 | Acquired the +3 warlock's mirror {omnireflect}
 48371 | Vaults:2 | Found the +3 warlock's mirror {omnireflect}
 48510 | Vaults:2 | Reached skill level 5 in Shields
 48593 | Vaults:2 | Reached skill level 5 in Spellcasting
 49383 | Vaults:2 | Reached XP level 21. HP: 137/137 MP: 28/28
 49834 | Vaults:3 | Reached skill level 5 in Necromancy
 49878 | Vaults:3 | Found a staircase to the Crypt.
 50116 | Vaults:3 | Noticed Xtahua
 50131 | Vaults:3 | Killed Xtahua
 50202 | Vaults:3 | You fall into a shaft and drop 1 floor!
 50397 | Vaults:4 | Identified the orb of Faxuosch {*channel, rC++}
 50397 | Vaults:4 | Noticed Frederick
 50409 | Vaults:4 | Killed Frederick
 51734 | Vaults:3 | Identified the +4 robe "Vodwuiqy" {rPois}
 51734 | Vaults:3 | Noticed Boris
 51742 | Vaults:3 | Killed Boris
 51743 | Vaults:3 | Reached XP level 22. HP: 146/146 MP: 26/29
 51986 | Vaults:3 | Reached skill level 15 in Evocations
 52630 | Slime:1  | Entered Level 1 of the Pits of Slime
 52985 | D:13     | Bought a book of Unlife for 468 gold pieces
 52992 | D:13     | Learned a level 6 spell: Death Channel
 53912 | Slime:3  | Gained mutation: You occasionally shout uncontrollably at
                  | your foes. [a shining eye]
 53972 | Slime:3  | Gained mutation: You frequently scream uncontrollably at
                  | your foes. [a shining eye]
 55384 | Slime:5  | Entered Level 5 of the Pits of Slime
 55636 | Slime:5  | Noticed the Royal Jelly
 55701 | Slime:5  | Reached skill level 10 in Necromancy
 55809 | Slime:5  | Found a viscous altar of Jiyva.
 56202 | Slime:5  | Killed the Royal Jelly
 57060 | Slime:5  | Identified the +8 spear of Analysis {flame, ^Fragile rPois
                  | Str+5}
 57072 | Slime:5  | Identified the ring of Linearity {Ice rElec}
 57075 | Slime:5  | Identified the amulet "Toreys" {Spirit -Cast Regen+ Str+2}
 57079 | Slime:5  | Identified the +8 mace of Dried Tears {pain, rC+}
 57139 | Slime:5  | Identified the +12 great sword "Nair" {flame, +Blink rPois
                  | rF- Dex-2}
 57153 | Slime:5  | Identified the +4 war axe of Defilement {distort, rC+
                  | Dex+3}
 57183 | Slime:5  | Got a slimy rune of Zot
 57201 | Slime:5  | Identified the +1 arbalest of Honesty {freeze, Str+2}
 57219 | Slime:5  | Identified the +3 leather armour "Tontuq Tofa" {rN+ Int+5}
 57707 | Depths:1 | Entered Level 1 of the Depths
 57707 | Depths:1 | Noticed a juggernaut
 57890 | Depths:1 | Killed a juggernaut
 57891 | Depths:1 | Reached XP level 23. HP: 156/159 MP: 30/30
 57892 | Depths:1 | Reached skill level 8 in Translocations
 58068 | Depths:1 | Found a gateway to Hell.
 58512 | Depths:1 | Found a gateway to Hell.
 58916 | Depths:2 | Reached skill level 9 in Translocations
 59139 | Depths:2 | Identified the +7 falchion of the Bequeathed God {spect,
                  | Str+3}
 59349 | Depths:2 | Found a one-way gate leading to the halls of Pandemonium.
 59496 | Depths:2 | Noticed a golden dragon
 59496 | Depths:2 | Noticed a juggernaut
 59509 | Depths:2 | Noticed a golden dragon
 59518 | Depths:2 | Noticed a juggernaut
 59521 | Depths:2 | Killed a golden dragon
 59522 | Depths:2 | Killed a golden dragon
 59527 | Depths:2 | Killed a juggernaut
 59528 | Depths:2 | Reached skill level 10 in Translocations
 59538 | Depths:2 | Killed a juggernaut
 59788 | Depths:2 | Noticed a golden dragon
 59791 | Depths:2 | Killed a golden dragon
 59792 | Depths:2 | Identified the ring "Finiokk" {rN+ Dex+2}
 60127 | Depths:2 | Noticed a golden dragon
 60135 | Depths:2 | Killed a golden dragon
 60145 | Depths:2 | Reached skill level 11 in Translocations
 60413 | Depths:2 | Identified the +3 rapier of the Lame Duck {protect, +Blink
                  | rC- Int+4}
 60504 | Depths:3 | Noticed a golden dragon
 60508 | Depths:3 | Found a one-way gateway to a ziggurat.
 60511 | Depths:3 | Killed a golden dragon
 60516 | Depths:3 | Reached skill level 12 in Translocations
 60526 | Depths:3 | Noticed a golden dragon
 60547 | Depths:3 | Killed a golden dragon
 60762 | Depths:3 | Reached XP level 24. HP: 166/166 MP: 30/30
 61164 | Depths:3 | Reached skill level 13 in Translocations
 61359 | Depths:4 | Entered Level 4 of the Depths
 61369 | Depths:4 | Noticed a juggernaut
 61374 | Depths:4 | Killed a juggernaut
 61631 | Depths:4 | Reached skill level 14 in Translocations
 61706 | Depths:4 | Found Ilyfuap's Distillery.
 62138 | Shoals:2 | Bought a book of the Warp for 992 gold pieces
 62146 | Shoals:2 | Learned a level 7 spell: Manifold Assault
 62714 | Depths:4 | Got Experienced Orphic Insight
 62997 | Depths:4 | Found a gate to the Realm of Zot.
 63017 | Depths:4 | Reached skill level 15 in Translocations
 63383 | Vaults:5 | Entered Level 5 of the Vaults
 63651 | Vaults:5 | Reached skill level 16 in Translocations
 63712 | Vaults:5 | Acquired 1309 gold pieces
 63786 | Vaults:5 | Identified the +4 robe "Dausur" {Dex+4}
 63786 | Vaults:5 | Noticed Boris
 63795 | Vaults:5 | Killed Boris
 63796 | Vaults:5 | Reached skill level 17 in Translocations
 64012 | Vaults:5 | Noticed a dread lich
 64026 | Vaults:5 | Killed a dread lich
 64134 | Vaults:5 | Reached XP level 25. HP: 171/171 MP: 5/33
 64416 | Vaults:5 | Identified the +6 dire flail "Anaov" {speed, Int-3 Dex+4
                  | SInv Stlth+}
 64429 | Vaults:4 | Reached skill level 18 in Translocations
 65157 | Vaults:5 | Found Piseogen's Jewellery Shop.
 65166 | Vaults:5 | Found Kiett's Distillery.
 65170 | Vaults:5 | Got a silver rune of Zot
 65171 | Vaults:5 | Found Litogaow's Book Boutique.
 65176 | Vaults:5 | Found Xadam's Antique Armour Emporium.
 65265 | Vaults:5 | Bought a crude buckler for 266 gold pieces
 65265 | Vaults:5 | Identified the +2 buckler "Ruepluq" {Str+2 Dex+2 Stlth+}
                  | (You bought it in a shop on level 5 of the Vaults)
 65648 | Vaults:5 | Found the +2 Maxwell's thermic engine {flame, freeze, rev}
 65987 | Zot:1    | Entered Level 1 of the Realm of Zot
 65987 | Zot:1    | Noticed an ancient lich
 65987 | Zot:1    | Noticed a Killer Klown
 65987 | Zot:1    | Noticed a Killer Klown
 65987 | Zot:1    | Noticed a Killer Klown
 65991 | Zot:1    | Killed a Killer Klown
 65992 | Zot:1    | Killed a Killer Klown
 65992 | Zot:1    | Killed a Killer Klown
 65998 | Zot:1    | Killed an ancient lich
 66161 | Zot:1    | Found a transporter.
 66284 | Zot:1    | Noticed an orb of fire
 66292 | Zot:1    | Killed an orb of fire
 66849 | Zot:1    | Reached skill level 15 in Fighting
 66914 | Zot:1    | Found a transporter.
 67237 | Zot:2    | Found a runed translucent gate.
 67237 | Zot:2    | Noticed Cavedixzy's ghost (veteran OnBe)
 67238 | Zot:2    | Found a runed translucent gate.
 67238 | Zot:2    | Found a runed translucent gate.
 67432 | Zot:2    | Reached XP level 26. HP: 180/180 MP: 26/33
 67783 | Zot:2    | Killed Cavedixzy's ghost
 67836 | Zot:2    | Got the Atlas of the Vector and Misery
 67956 | Zot:3    | Reached skill level 19 in Translocations
 68154 | Zot:3    | Identified the +3 falchion "Yroanouh" {pain, rC++}
 68371 | Zot:3    | Noticed an orb of fire
 68382 | Zot:3    | Killed an orb of fire
 69520 | Zot:4    | Identified the +1 ring mail "Wotaor" {*Corrode rC+ Regen+
                  | Int+3}
 70100 | Zot:5    | Entered Level 5 of the Realm of Zot
 70987 | Hell     | Entered the Vestibule of Hell
 70987 | Hell     | Noticed Geryon
 71033 | Hell     | Noticed Murray
 71068 | Hell     | Killed Geryon
 71069 | Hell     | Reached skill level 20 in Translocations
 71076 | Depths:4 | Killed Murray
 71079 | Depths:4 | Identified the +10 crystal plate armour of Activism {Harm
                  | Will+}
 71176 | Hell     | Reached XP level 27. HP: 189/189 MP: 22/35
 71555 | Hell     | Found a gateway to the freezing wastes of Cocytus.
 71634 | Hell     | Found a gateway to the decaying netherworld of Tartarus.
 71663 | Hell     | Found a gateway to the ashen valley of Gehenna.
 71871 | Hell     | Found a gateway to the Iron City of Dis.
 72005 | Depths:1 | Voluntarily entered the Abyss.
 72180 | Abyss:1  | Noticed a dread lich
 72186 | Abyss:1  | Killed a dread lich
 72638 | Abyss:1  | Reached skill level 21 in Translocations
 72958 | Abyss:2  | Found a corrupted altar of Lugonu.
 72989 | Depths:1 | Escaped the Abyss
 73131 | Crypt:1  | Entered Level 1 of the Crypt
 73589 | Crypt:1  | Reached skill level 10 in Spellcasting
 73788 | Crypt:1  | You fall into a shaft and drop 1 floor!
 74215 | Crypt:2  | Noticed Grunn
 74221 | Crypt:2  | Killed Grunn
 74595 | Crypt:2  | Reached skill level 22 in Translocations
 74955 | Crypt:3  | Entered Level 3 of the Crypt
 75525 | Crypt:1  | Learned a level 7 spell: Malign Gateway
 75741 | Depths:1 | Voluntarily entered the Abyss.
 75778 | Depths:1 | Escaped the Abyss
 75780 | Depths:1 | Voluntarily entered the Abyss.
 75797 | Abyss:2  | Found a corrupted altar of Lugonu.
 75836 | Abyss:2  | Reached skill level 1 in Summonings
 76043 | Abyss:3  | Got the Monograph on the Shot
 76049 | Abyss:3  | Reached skill level 5 in Summonings
 76060 | Abyss:3  | Got the Octavo of the Barrage
 76070 | Abyss:3  | Got Kikubaaqudgha's Disquisition on Finality
 76144 | Abyss:3  | Got an abyssal rune of Zot
 76238 | Depths:1 | Escaped the Abyss
 76242 | Depths:1 | Learned a level 2 spell: Blink
 76251 | Depths:1 | Learned a level 8 spell: Disjunction
 76361 | Pan      | Entered Pandemonium
 76391 | Pan      | Reached skill level 23 in Translocations
 76572 | Pan      | Noticed Ignacio
 76578 | Pan      | Killed Ignacio
 76690 | Pan      | Got a demonic rune of Zot
 76691 | Pan      | Noticed Refoafiv the pandemonium lord
 76693 | Pan      | Killed Refoafiv the pandemonium lord
 76977 | Pan      | Reached skill level 10 in Summonings
 77679 | Pan      | Noticed Rone the pandemonium lord
 77971 | Pan      | Killed Rone the pandemonium lord
 77974 | Pan      | Gained mutation: You are weak. (Str -2) [a neqoxec]
 78684 | Pan      | Gained mutation: You are clumsy. (Dex -2) [a neqoxec]
 78715 | Pan      | Reached skill level 24 in Translocations
 78764 | Depths:2 | Escaped Pandemonium
 78820 | Zig:1    | Entered Level 1 of a ziggurat
 78834 | Zig:2    | Entered Level 2 of a ziggurat
 78852 | Zig:3    | Entered Level 3 of a ziggurat
 78906 | Zig:3    | Learned a level 5 spell: Irradiate
 78916 | Zig:4    | Entered Level 4 of a ziggurat
 78916 | Zig:4    | Noticed an ancient lich
 78921 | Zig:4    | Killed an ancient lich
 78947 | Zig:5    | Entered Level 5 of a ziggurat
 78983 | Zig:6    | Entered Level 6 of a ziggurat
 79055 | Zig:6    | Identified the +7 long sword "Zegummor" {flame, ^Fragile
                  | Dex+4}
 79059 | Zig:6    | Identified the ring "Bedol" {rF- rN+ MP+9 Int+9 SInv}
 79078 | Zig:7    | Entered Level 7 of a ziggurat
 79145 | Zig:7    | Identified the staff "Hellblazer" {rC+ rCorr Ice}
 79147 | Zig:7    | Identified the +1 robe of Generosity {Stlth+ Archmagi}
 79161 | Zig:7    | Identified the +7 chain mail "Suesuor" {+Blink rElec rN+
                  | Dex+3}
 79164 | Zig:8    | Entered Level 8 of a ziggurat
 79168 | Zig:8    | Noticed Dicyelas the pandemonium lord
 79177 | Zig:8    | Killed Dicyelas the pandemonium lord
 79199 | Zig:8    | Identified the +1 orcbow "Alipe" {drain, rElec rF+ Will++
                  | Str-5}
 79289 | Zig:9    | Entered Level 9 of a ziggurat
 79380 | Zig:9    | Learned a level 4 spell: Passage of Golubria
 79412 | Zig:10   | Entered Level 10 of a ziggurat
 79501 | Zig:10   | Identified the +2 sling "Concordance" {drain, +Blink rC+++
                  | Int-2}
 79509 | Zig:10   | Acquired a manual of Long Blades
 79511 | Zig:10   | Acquired a manual of Air Magic
 79554 | Zig:11   | Entered Level 11 of a ziggurat
 79568 | Zig:11   | Reached skill level 25 in Translocations
 79616 | Zig:11   | Identified the +3 battleaxe "Viazutid" {elec, Int+2}
 79620 | Zig:11   | Identified the ring "Buim" {Will+ Str+4}
 79630 | Zig:11   | Identified the +2 arbalest of Vuawy {penet, Int+2 Dex+2}
 79695 | Zig:12   | Entered Level 12 of a ziggurat
 79772 | Zig:12   | Identified the +3 great sword "Lonyo" {holy, +Blink rElec
                  | MP+9 Stlth-}
 79773 | Zig:12   | Identified the ring "Yjourr" {*Corrode rPois rF+ Dex+5
                  | Slay+3}
 79795 | Zig:12   | Identified the +2 flail "Vaph" {spect, MP+9 Str+3 Int-4
                  | Dex+2}
 79821 | Zig:13   | Entered Level 13 of a ziggurat
 79883 | Zig:13   | Identified the ring "Rirur" {rF++ rC+ Dex+4}
 79974 | Zig:14   | Entered Level 14 of a ziggurat
 79989 | Zig:14   | Found the +8 storm bow {elec, penet}
 80005 | Zig:14   | Identified the +2 great mace "Jyobbath" {venom, Str+4
                  | Dex-3}
 80130 | Zig:14   | Identified the ring "Cabib" {Fly rC- Will+ SInv}
 80139 | Zig:14   | Identified the +8 dire flail of Optimality {pain, rF+ Str+3
                  | Int+2}
 80159 | Zig:14   | Identified the staff "Huniud" {rC+ Str+3 Int+2 Earth}
 80166 | Zig:14   | Identified the +0 ring mail of a treasure trove {Harm rF+
                  | Int+4}
 80213 | Zig:15   | Entered Level 15 of a ziggurat
 80223 | Zig:15   | Reached skill level 26 in Translocations
 80366 | Zig:15   | Identified the +2 arbalest "Qeyc" {freeze, +Blink}
 80371 | Zig:15   | Identified the +2 dagger of Fae Guilt {spect, Str+2}
 80373 | Zig:15   | Identified the +4 longbow of Agar {drain, rC+ MP+9 Int-5
                  | Dex+3}
 80438 | Zig:16   | Entered Level 16 of a ziggurat
 80556 | Zig:16   | Found the +13 sword of the Doom Knight {doom -Cast ^Drain
                  | Will+}
 80557 | Zig:16   | Found the +2 hat of the Bear Spirit {Spirit, Bear, *Rage
                  | Will++}
 80574 | Zig:16   | Identified the +8 quarterstaff of Starshine {freeze, Will++
                  | Str+2 SInv}
 80582 | Zig:16   | Identified the +11 shortbow "Hataucee" {freeze, rN+ Str+3}
 80606 | Zig:17   | Entered Level 17 of a ziggurat
 80612 | Zig:17   | Noticed a dread lich
 80613 | Zig:17   | Noticed an ancient lich
 80616 | Zig:17   | Noticed an ancient lich
 80616 | Zig:17   | Noticed a dread lich
 80617 | Zig:17   | Noticed a dread lich
 80618 | Zig:17   | Killed an ancient lich
 80619 | Zig:17   | Reached skill level 27 in Translocations
 80620 | Zig:17   | Killed a dread lich
 80621 | Zig:17   | Noticed an ancient lich
 80624 | Zig:17   | Killed a dread lich
 80625 | Zig:17   | Killed an ancient lich
 80630 | Zig:17   | Killed an ancient lich
 80637 | Zig:17   | Killed a dread lich
 80720 | Zig:17   | Got the Tome of Red-Hot Combat Magic
 80725 | Zig:17   | Identified the staff "Paenynum" {rN+ Int+6 Necro Tloc}
 80728 | Zig:17   | Identified the +8 hand axe "Qoapn" {freeze, ^Fragile Str+4
                  | Int+3}
 80731 | Zig:17   | Identified the amulet of Symmetry {Faith rN+}
 80808 | Zig:18   | Entered Level 18 of a ziggurat
 80827 | Zig:18   | Paralysed by accursed screaming for 1 turns
 81008 | Zig:18   | Identified the +3 hand axe of Infinite Pain {vamp, rF+ rC+
                  | Dex+3}
 81015 | Zig:18   | Identified the +7 shortbow of the Establishment {drain, rF+
                  | SInv}
 81019 | Zig:18   | Identified the amulet of Xixeoz {Faith ^Fragile rElec Int+3
                  | Dex+2}
 81037 | Zig:19   | Entered Level 19 of a ziggurat
 81056 | Zig:19   | Noticed a royal mummy
 81056 | Zig:19   | Noticed a royal mummy
 81058 | Zig:19   | Noticed a royal mummy
 81058 | Zig:19   | Noticed a royal mummy
 81068 | Zig:19   | Killed a royal mummy
 81071 | Zig:19   | Killed a royal mummy
 81076 | Zig:19   | Killed a royal mummy
 81076 | Zig:19   | Killed a royal mummy
 81341 | Zig:19   | Identified the +2 orcbow "Maawuadd" {flame, rN+}
 81344 | Zig:19   | Got the Encyclopedia of Entrancing Flames
 81359 | Zig:19   | Got the Vademecum on Wild Coffins
 81366 | Zig:19   | Identified the +7 long sword "Gibrivobb" {freeze, *Noise
                  | Str+4}
 81898 | Zot:5    | Noticed a dread lich
 81906 | Zot:5    | Killed a dread lich
 81981 | Zot:5    | Noticed a dread lich
 81984 | Zot:5    | Killed a dread lich
 81992 | Zot:5    | Noticed a dread lich
 81997 | Zot:5    | Noticed an ancient lich
 82000 | Zot:5    | Killed a dread lich
 82001 | Zot:5    | Noticed an orb of fire
 82007 | Zot:5    | Killed an ancient lich
 82016 | Zot:5    | Killed an orb of fire
 82125 | Zot:5    | Noticed an ancient lich
 82128 | Zot:5    | Noticed an orb of fire
 82136 | Zot:5    | Killed an orb of fire
 82140 | Zot:5    | Killed an ancient lich
 82531 | Zot:5    | Got the Orb of Zot
 82533 | Zot:5    | Identified the +1 tower shield "Qoubb" {Harm rPois}
 82607 | Zot:1    | Noticed Luseu the pandemonium lord
 82625 | Zot:1    | Noticed Hecunogi the pandemonium lord
 82753 | Depths:1 | Noticed Siun the pandemonium lord
 82770 | Depths:1 | Killed Siun the pandemonium lord
 83105 | D:$      | Escaped with the Orb!

Illustrated notes

Levels and vault maps discovered:
D:1:      sevenhm_arrival_forest_fort_small_4, layout_loops_cross,
          skrybe_limestone_x, chequers_mini_garden
D:2:      wander_river, layout_loops_ring, uniq_terence
D:3:      layout_basic, cheibrodos_sewer_entry_sluice,
          dreamdust_ecumenical_altar_grove, uniq_grinder
D:4:      minmay_chambers_of_threes, layout_basic,
          chequers_temple_overflow_minitemple, grunt_decor_one_mirror
D:5:      layout_loops_ring, lemuel_coloured_pillars_altar,
          minmay_temple_entry_ruins, gammafunk_ghost_gnarly_gnolls,
          st_stairs_14, dk_noncrumbling_3, grunt_decor_arrowhead,
          hangedman_abyss_or_decor_passed, amethyst_killhole,
          mrwooster_statue_mirror, uniq_prince_ribbit1, uniq_sigmund
D:6:      layout_basic, uniq_edmund
D:7:      layout_basic, uniq_maggie, uniq_jeremiah
D:8:      layout_loops_ring, marbit_many_paths, minmay_evil_grid
D:9:      layout_cross, gammafunk_ghost_hydra_chop, serial_column_ruins,
          column_ruins_columns_straight, column_ruins_columns_straight,
          column_ruins_corridor_dead_end, column_ruins_open_medium,
          column_ruins_corridor_straight, column_ruins_grid_4,
          column_ruins_corridor_straight, kennysheep_small_spiral,
          minmay_fountain_box, minivault_16, chequers_serial_rivers_marsh,
          kennysheep_generic_room_12, uniq_gastronok
D:10:     layout_loops_cross, erik_lair_orcish_takeover, fungi_pond_lemuel
D:11:     layout_roguey, orc_0_dummy, serial_corexii_hall,
          chequers_hall_statues_wall_a, corexii_hall_statues_x,
          wad_floor_pattern_untrapped
D:12:     layout_cave_pools, serial_shops, nicolae_shop_waterfront,
          corexii_mini_fake_secret_closet, okawaru_trees_2
D:13:     layout_rooms, serial_shops, shop, shop, shop, kennysheep_just_a_vault
D:14:     layout_roguey, david_vaults_3, minmay_misc_feat_enclosed
D:15:     hangedman_depths_entry_try_elsewhere_first, layout_irregular_city,
          lemuel_round_altar, minmay_misc_feat_rugged
Lair:1:   layout_gridlike
Lair:2:   layout_concentric_octagons, dummy_spider_entry,
          kennysheep_abandoned_house, serial_bayou_shore_a
Lair:3:   layout_long_grid, minmay_shoals_entry_lonely_mermaid,
          minmay_lindwurm_lava, serial_bayou_shore_b
Lair:4:   layout_cave_shapes
Lair:5:   hellmonk_lair_end_abyssal_woods, layout_gridlike, slime_entry_2,
          grunt_megastairs_4
Shoals:1: layout_shoals, serial_shops, shop, ebering_ghost_inner_flame
Shoals:2: layout_shoals, serial_shops, shop, shop, nicolae_shop_dealshenge,
          nicolae_shop_temple_entry_statues_fountains, shop
Shoals:3: layout_shoals, uniq_polyphemus, uniq_mara, uniq_bai_suzhen
Shoals:4: shoals_end_hellmonk_lost_city, uniq_aizul
Spider:1: layout_spider_delve, hellmonk_spider_spawner
Spider:2: layout_spider_delve
Spider:3: layout_spider_delve, gammafunk_ghost_arena
Spider:4: grunt_spider_rune_parallel
Slime:1:  layout_caves
Slime:2:  layout_caves, cheibrodos_slime_lost_civilization_7
Slime:3:  layout_caves
Slime:4:  layout_caves
Slime:5:  slime_pit_nicolae_block_by_block
Orc:1:    layout_caves, nooodl_orcs_dogs, uniq_jorgrun
Orc:2:    kennysheep_orc_mage_school, layout_diamond_mine,
          ebering_ghost_rock_garden
Elf:1:    nicolae_elf_arrival_no_cutting_in_line, layout_geoelf_octagon,
          gammafunk_ghost_cemetery, minmay_elf_sorcery, minmay_misc_feat_five,
          kennysheep_underground_church, minmay_shoptagon, uniq_azrael
Elf:2:    nicolae_elf_blades_crystal_corner, layout_loops_corners,
          ebering_ghost_reflecting_pool, serial_shops,
          nicolae_shop_rolling_square, minivault_5, minmay_shop_grove,
          uniq_donald
Elf:3:    minmay_elf_hall_circle, layout_onion_city
Vaults:1: vaults_mumra_minichess, vaults_mumra_hexcomb, nicolae_vaults_two_Ls,
          nicolae_vaults_offset_grid_hallway_4, nicolae_vaults_disjoint_gnomons,
          v_misc_27, nicolae_vaults_storage_room_doors, nicolae_vaults_mitosis,
          vaults_dpeg_diagonal, nicolae_vaults_little_squares_5,
          nicolae_vaults_shelves_hall, grunt_vaults_hallway_long, v_misc_29,
          ontoclasm_vaults_gateway, layout_vaults_big_cross, serial_shops, shop,
          uniq_boris
Vaults:2: lemuel_angel_altar, nicolae_vaults_storage_closets_3,
          dpeg_vaults_monster_box, nicolae_vaults_network_periphery,
          minmay_orc_keep, nicolae_vaults_trapezoid_1,
          nicolae_vaults_oval_intersection, nicolae_vaults_closet_pinwheel_5,
          ontoclasm_vaults_chip, layout_vaults_omnigrid
Vaults:3: nicolae_vaults_meiosis, v_alt_pattern_2,
          minmay_crypt_entry_skeletal_spiral, st_lattice,
          nicolae_vaults_tangram_1, ontoclasm_vaults_twist,
          hangedman_vaults_corner, nicolae_vaults_double_plus_2,
          vaults_room_octagon, nicolae_vaults_closet_pinwheel_6,
          dpeg_vaults_monster_row, nicolae_vaults_tetromino_L_1,
          nicolae_vaults_house_3, layout_vaults_maze, uniq_xtahua
Vaults:4: nicolae_vaults_twisting_passages, nicolae_vaults_diagonal_hallway_7,
          ontoclasm_vaults_misaligned, nicolae_vaults_house_3,
          vaults_room_octagon, v_pattern_3,
          nicolae_vaults_windows_and_doors_thing, grunt_vaults_bifocal,
          hangedman_vaults_stagger, v_rooms_6, v_misc_29,
          nicolae_vaults_offset_grid_hallway_3, vaults_dpeg_ring,
          layout_vaults_ring, uniq_frederick
Vaults:5
Crypt:1:  layout_gridlike, grunt_megastairs_3, grunt_crypt_arrival_webbed,
          uniq_margery
Crypt:2:  layout_basic, st_stairs_1, serial_sigils_hangedman_clutch,
          nicolae_crypt_fancy_cubbyholes, uniq_grunn
Crypt:3:  david_glass_crypt, layout_chaotic_city, tomb_entry_sphere_bobbens
Depths:1: layout_cave_pools, hell_entry, abyss_entry, evilmike_ambush
          [evilmike_ambush_outer_corners, evilmike_ambush_inner_basic],
          grunt_megastairs_5, serial_bayou_shore_b
Depths:2: little_maze_vault, layout_cave_pools, rand_demon_pan_entry_9,
          serial_glass, glass_columns_a, glass_columns_b, glass_columns_b,
          glass_columns_a, due_unseen_surprise, feat_on_display,
          feat_on_display, grunt_hell_entry_dis_old, minmay_misc_feat_tiny
Depths:3: minmay_strange_plus, layout_long_grid, enter_ziggurat_f, hellmouth_1,
          reono_crystal_passage, abyss_entry, serial_library_hellmonk_semicircle
Depths:4: grunt_zot_entry_funnels, layout_honeycomb, serial_shops,
          nicolae_shop_waterfront, lightli_too_deep
Hell
Zot:1:    ebering_klown_carousel, layout_gridlike, nicolae_diode_stairs
Zot:2:    layout_misc_corridors, gammafunk_ghost_split
Zot:3:    layout_basic, regret_index_zotdec_barnacled_simple
Zot:4:    layout_cellular_growth
Zot:5:    layout_basic, nicolae_zot_crop_circle

Skill      XL: |  1  2  3  4  5  6  7  8  9 10 11 12 13 14 15 16 17 18 19 20 21 22 23 24 25 26 27 |
---------------+----------------------------------------------------------------------------------+-----
Stealth        | 1 2 3 7 10 12 15 18 20 | 20.6
Long Blades    | 4 5 6 10 12 14 15 16 | 16.4
Short Blades   | 2 5 9 |  9.0
Fighting       | 5 7 8 9 10 11 13 14 15 16 20 | 20.6
Dodging        | 5 7 8 10 12 14 15 18 19 20 21 24 | 24.0
Hexes          | 2 5 |  5.0
Ice Magic      | 2 4 |  4.0
Spellcasting   | 2 3 5 7 8 12 | 12.5
Evocations     | 3 5 7 8 9 10 12 14 15 | 15.0
Earth Magic    | 1 4 5 |  5.0
Shapeshifting  | 3 6 9 11 14 16 17 19 | 19.0
Shields        | 4 5 8 |  8.0
Translocations | 2 5 6 7 12 17 18 20 27 | 27.0
Air Magic      | 2 5 6 |  6.0
Necromancy     | 4 8 11 13 14 | 14.0
Summonings     | 10 | 10.0
Throwing       | |  2.0
Unarmed Combat | |  0.2

Action                     |  1- 3 |  4- 6 |  7- 9 | 10-12 | 13-15 | 16-18 | 19-21 | 22-24 | 25-27 || total
---------------------------+-------+-------+-------+-------+-------+-------+-------+-------+-------++-------
  Melee: Long sword        |    46 |    81 |       |       |       |       |       |       |       ||   127
         Constrict         |     7 |    17 |    39 |    50 |   101 |   189 |   131 |    78 |   136 ||   748
         Tentacles         |     6 |    19 |    47 |    84 |   237 |   233 |   236 |   286 |   329 ||  1477
         Dagger            |       |     7 |   189 |   336 |   774 |    22 |       |       |       ||  1328
         Maw               |       |       |       |       |   180 |     6 |       |       |       ||   186
         Scimitar          |       |       |       |       |       |   747 |   107 |       |       ||   854
         Double sword      |       |       |       |       |       |       |   673 |   881 |  2733 ||  4287
  Throw: Dart              |       |     3 |       |       |       |       |       |       |       ||     3
         Boomerang         |       |     3 |       |       |       |       |       |       |       ||     3
   Cast: Ensorcelled Hiber |       |       |       |    54 |   142 |    12 |       |       |       ||   208
         Passwall          |       |       |       |       |     1 |       |       |     1 |       ||     2
         Vhi's Electric Ch |       |       |       |       |       |    10 |    34 |    19 |     2 ||    65
         Fugue of the Fall |       |       |       |       |       |       |     4 |    33 |    14 ||    51
         Death Channel     |       |       |       |       |       |       |       |    24 |    12 ||    36
         Manifold Assault  |       |       |       |       |       |       |       |    21 |   601 ||   622
 Invoke: Potion Petition   |       |       |       |       |     2 |       |     1 |     2 |     9 ||    14
         Call Merchant     |       |       |       |       |     2 |       |       |       |       ||     2
         Bribe Branch      |       |       |       |       |       |       |       |       |     3 ||     3
  Evoke: Wand              |       |       |     2 |     1 |     3 |     7 |     3 |       |     2 ||    18
         Condenser vane    |       |       |       |       |     1 |     2 |     2 |     1 |       ||     6
         Box of beasts     |       |       |       |       |       |       |     2 |       |     2 ||     4
         Phial of floods   |       |       |       |       |       |       |     2 |       |       ||     2
         Phantom mirror    |       |       |       |       |       |       |     1 |       |     1 ||     2
    Use: Potion            |     1 |       |       |     3 |     1 |     1 |       |     3 |    12 ||    21
         Scroll            |       |     7 |     6 |     8 |    13 |     5 |    10 |     6 |     7 ||    62
   Stab: Sleeping          |    13 |    17 |    10 |    64 |   133 |    37 |    51 |    10 |    13 ||   348
         Distracted        |       |       |     1 |     6 |    13 |    20 |    18 |    40 |    22 ||   120
         Invisible         |       |       |       |       |     1 |       |       |     1 |    11 ||    13
         Petrified         |       |       |       |       |     1 |       |       |       |       ||     1
         Confused          |       |       |       |       |     1 |     1 |       |       |       ||     2
 Armour: Skin              |    12 |    36 |    52 |    88 |   197 |   307 |   229 |   381 |   419 ||  1721
  Dodge: Dodged            |    35 |    73 |    73 |   192 |   578 |  1577 |   958 |  1700 |  1952 ||  7138
  Block: Other             |       |       |    23 |       |     7 |       |       |       |       ||    30
         Buckler           |       |       |       |       |       |   735 |   433 |   617 |   875 ||  2660
         Reflection        |       |       |       |       |       |    53 |    51 |    38 |    80 ||   222
   Form: Maw               |       |       |       |       |     1 |       |       |       |       ||     1
         Statue            |       |       |       |       |       |     1 |       |       |       ||     1

Table legend: (Time is in decaauts)
 A = Elapsed time spent in this place.
 B = Non-inter-level travel time spent in this place.
 C = Inter-level travel time spent in this place.
 D = Time resting spent in this place.
 E = Time spent auto-exploring this place.
 F = Levels seen in this place.
 G = Mean time per level.
                   A        B        C        D        E       F      G
               +--------+--------+--------+--------+--------+-----+--------+
         Total | 107913 |  92644 |  15269 |  11263 |  60116 |  84 | 1284.7 |
       Dungeon |  22432 |  17704 |   4728 |   2742 |  11950 |  15 | 1495.5 |
          Lair |  11139 |   8128 |   3011 |   2076 |   4101 |   5 | 2227.8 |
        Shoals |   5694 |   5214 |    480 |    382 |   3672 |   4 | 1423.5 |
   Spider Nest |   5426 |   5048 |    378 |    349 |   3349 |   4 | 1356.5 |
    Slime Pits |   6216 |   5747 |    469 |    326 |   4098 |   5 | 1243.2 |
  Orcish Mines |   4389 |   3467 |    922 |   1339 |   1328 |   2 | 2194.5 |
   Elven Halls |   8034 |   6567 |   1467 |   1708 |   3508 |   3 | 2678.0 |
        Vaults |  12525 |  11184 |   1341 |    553 |   8062 |   5 | 2505.0 |
         Crypt |   3621 |   3405 |    216 |    150 |   2706 |   3 | 1207.0 |
        Depths |   8827 |   7225 |   1602 |    682 |   5128 |   4 | 2206.8 |
          Hell |    937 |    906 |     31 |      0 |    717 |   1 |  937.0 |
           Zot |   8854 |   8234 |    620 |    505 |   6428 |   5 | 1770.8 |
         Abyss |   2087 |   2087 |      0 |      0 |    141 |   5 |  417.4 |
   Pandemonium |   3511 |   3511 |      0 |    332 |   2359 |   3 | 1170.3 |
      Ziggurat |   3893 |   3893 |      0 |      0 |   2488 |  19 |  204.9 |
         Sewer |    323 |    323 |      0 |    115 |     77 |   1 |  323.0 |
               +--------+--------+--------+--------+--------+-----+--------+

Top non-repeatable levels by time:
   Elf:2: 4646 daAuts
  Lair:5: 3737 daAuts
     D:6: 3494 daAuts
Vaults:5: 3117 daAuts
   Orc:2: 2906 daAuts
Vaults:1: 2747 daAuts
 Slime:5: 2634 daAuts
Depths:2: 2596 daAuts
  Lair:1: 2413 daAuts
   Zot:5: 2404 daAuts
Vaults:4: 2335 daAuts
Vaults:2: 2319 daAuts
Depths:4: 2235 daAuts
Depths:1: 2216 daAuts
   Zot:3: 2154 daAuts
